 Dungeon Crawl Stone Soup version 0.29.1-15-g9cfb28693d (webtiles) character file.

Game seed: 1645107477789227087

38 promet the Trooper (level 3, 0/33 HPs)
             Began as a Hill Orc Fighter on Mar 22, 2023.
             Killed from afar by Sigmund (4 damage)
             ... with a magic dart
             ... on level 3 of the Dungeon.
             The game lasted 00:03:19 (1650 turns).

promet the Trooper (Hill Orc Fighter)               Turns: 1650, Time: 00:03:20

Health: 0/33       AC:  7    Str: 18    XL:     3   Next: 43%
Magic:  3/3        EV:  9    Int:  8    God:
Gold:   120        SH:  4    Dex: 12    Spells: 2/2 levels left

rFire   . . .      SeeInvis .   a - +1 war axe
rCold   . . .      Faith    .   c - +0 buckler
rNeg    . . .      Spirit   .   b - +0 scale mail
rPois   .          Reflect  .   (no helmet)
rElec   .          Harm     .   (no cloak)
rCorr   .          Rampage  .   (no gloves)
Will    .....                   (no boots)
Stlth   ..........              (no amulet)
HPRegen 0.11/turn               (no ring)
MPRegen 0.08/turn               (no ring)

@: mighty
A: no striking features
a: no special abilities


You were on level 3 of the Dungeon.
You visited 1 branch of the dungeon, and saw 3 of its levels.

You collected 120 gold pieces.

Inventory:

Hand Weapons
 a - a +1 war axe (weapon)
Missiles
 h - 13 stones (quivered)
Armour
 b - a +0 scale mail (worn)
 c - a +0 buckler (worn)
Wands
 i - a wand of flame (2)
Potions
 d - a potion of might
 e - 2 potions of curing {unknown}
 f - a potion of flight {unknown}
 g - 2 potions of mutation {unknown}


   Skills:
 + Level 4.0 Fighting
 + Level 3.6 Axes
 + Level 3.8 Armour
 + Level 3.4 Shields


You had 2 spell levels left.
You didn't know any spells.
Your spell library contained the following spells:

 Spells                   Type           Power      Damage    Failure   Level
 Ensorcelled Hibernation  Hex/Ice        0%         N/A       95%         2
 Passwall                 Tmut/Erth      0%         N/A       95%         2
 Swiftness                Air            0%         N/A       99%         3


Dungeon Overview and Level Annotations

Branches:
Dungeon (2/15)

Altars:
Fedhas

Annotations:
D:3 Sigmund


Message History

You are poisoned.
The adder poisons you! The adder bites you but does no damage.
You slash the adder!
You kill the adder!
You feel very sick. Sigmund gestures at you while chanting.
You are confused.
You feel very mighty all of a sudden.
You feel sick.
Sigmund mumbles some strange words.
Sigmund flickers and vanishes!
Deactivating autopickup; reactivate with Ctrl-A.
You feel sick.
You bump into the rock wall.
You feel sick. The hobgoblin hits you. Something hits you.
You hit the hobgoblin.
The hobgoblin is lightly wounded.
You feel sick. The hobgoblin closely misses you. Something hits you.
The hobgoblin hits you.
* * * LOW HITPOINT WARNING * * *
You slash the hobgoblin!
You kill the hobgoblin!
You feel less confused.
You feel sick.
You are no longer poisoned.
Something hits you but does no damage.
You barely miss the hobgoblin. You block the hobgoblin's attack.
You block something's attack.
You slash the hobgoblin!
You kill the hobgoblin!
Something hits you but does no damage.
Things that are here:
a hobgoblin corpse; an adder corpse You miss something.
Something hits you.
* * * LOW HITPOINT WARNING * * *
You barely miss something.
You hear some strange, mumbled words.
A magic dart appears from out of thin air!
The magic dart hits you.
You die...

. .#
................######.#
. #.#
.............#.......#.#
. .. ............
#..####†#.. . ..
.........# #.........#
.##. ........?#
#..####.#.. ...
..g......#####..####.#)#
#.#
.........##..........#.#
#.#
♣._.♣.#.{....#.........#
.....# .....
#@###..#####.#####
#.#### #.. #.###..# #.#
#.# ###...#.##...# #..
..# .............# . ...
.................. ###
..................
###...########.### #...
.# #... ..


There were no monsters in sight!

Vanquished Creatures
  An adder (D:3)
  A dart slug (D:3)
  4 ball pythons
  4 bats
  2 endoplasms (D:1)
  4 hobgoblins
  2 jackals (D:1)
  A quokka (D:1)
  3 frilled lizards (D:1)
  A goblin (D:3)
  2 kobolds
  A rat (D:3)
26 creatures vanquished.

Vanquished Creatures (others)
  A fungus (D:1)
  A plant (D:1)
2 creatures vanquished.

Grand Total: 28 creatures vanquished

Notes
Turn   | Place    | Note
-------+----------+-------------------------------------------
     0 | D:1      | promet the Hill Orc Fighter began the quest for the Orb.
     0 | D:1      | Reached XP level 1. HP: 19/19 MP: 1/1
   178 | D:1      | Reached XP level 2. HP: 16/27 MP: 2/2
   428 | D:1      | Reached skill level 4 in Fighting
   771 | D:1      | Found a faded altar of an unknown god.
  1493 | D:2      | You fall into a shaft and drop 1 floor!
  1517 | D:3      | Reached XP level 3. HP: 24/33 MP: 3/3
  1630 | D:3      | Found a blossoming altar of Fedhas.
  1633 | D:3      | Noticed Sigmund
  1650 | D:3      | Killed from afar by Sigmund

Illustrated notes

Levels and vault maps discovered:
D:1:      minmay_arrival_checkered_box, layout_basic,
          dreamdust_ecumenical_altar_grove
D:2:      layout_basic, uniq_jessica
D:3:      layout_loops_cross, mainiacjoe_overflow_tiny_flanked,
          okawaru_ov_weapons_minmay, minmay_fractal_squares_5, uniq_sigmund,
          uniq_robin, uniq_natasha

Skill      XL: |  1  2 |
---------------+-------+-----
Axes           | 3 |  3.6
Fighting       | 4 |  4.0
Armour         | |  3.8
Shields        | |  3.4

Action                   || total
-------------------------++-------
Melee: War axe           ||    62
  Use: Scroll            ||     5
       Potion            ||     1
Armor: Scale mail        ||    24
Dodge: Dodged            ||    40
Block: Buckler           ||    14
